AoeStats
← BeLieb10

Arabia

509789717Analyzed
1v1 RM · 4d ago on Sep 28, 2026· 67m 5s· 2 players
Game mode
Random Map
Map size
Tiny (2 player)
Population
200
Speed
Normal
Resources
Standard
Victory
Conquest
Starting age
Dark Age
Ending age
Imperial Age
RankedLock teamsTeams togetherTeam positionsShared explorationLock speedFull tech treeHidden civsTurbo modeCheats
Victory
Defeat
🇨🇴 Aztecs · Colombia
939
+16
🇦🇷 Lithuanians · Argentina
935
-16
BeLieb10
10:17 Feudal Age
10:55 Double-Bit Axe
18:07 Castle Age
16:35 Horse Collar
16:52 Fletching
18:06 Forging
20:20 Bow Saw
20:34 Bloodlines
21:35 Loom
24:22 Wheelbarrow
23:32 Town Watch
25:49 Heavy Plow
32:45 Imperial Age
31:23 Bodkin Arrow
33:09 Scale Barding Armor
34:05 Iron Casting
36:59 Hand Cart
36:44 Town Patrol
39:29 Chain Barding Armor
55:52 Husbandry
jaqcka
2:35 Loom
11:51 Feudal Age
12:22 Double-Bit Axe
19:42 Castle Age
18:56 Forging
18:46 Scale Mail Armor
19:42 Scale Mail Armor
19:55 Pikeman
30:12 Redemption
36:20 Imperial Age
Connection lost

Rejoining the realm…

Still unreachable

The connection could not be restored.

Session expired

The server has moved on; the page needs a fresh start.